 Dungeon Crawl Stone Soup version 0.20-a0-555-gf6ae02d (console) character file.

37 Lahna the Skirmisher (level 3, -1/29 HPs)
             Began as a Demonspawn Abyssal Knight on Feb 6, 2017.
             Was a Follower of Lugonu.
             Slain by a kobold
             ... wielding a +0 club
              (2 damage)
             ... on level 2 of the Dungeon.
             The game lasted 00:02:24 (1301 turns).

Lahna the Skirmisher (Demonspawn Abyssal Knight)    Turns: 1301, Time: 00:02:25

Health: -1/29      AC:  3    Str: 18    XL:     3   Next: 21%
Magic:  5/5        EV: 13    Int: 13    God:    Lugonu [*.....]
Gold:   55         SH:  0    Dex: 12    Spells: 2/2 levels left

rFire    . . .     SeeInvis .   a - +1 spear
rCold    . . .     Gourm    +   b - +0 leather armour
rNeg     . . .     Faith    .   (no shield)
rPois    .         Spirit   .   (no helmet)
rElec    .         Reflect  .   (no cloak)
rCorr    .         Harm     .   (no gloves)
MR       .....                  (no boots)
Stlth    +.........             k - amulet of the gourmand
Regen    0.1/turn               (no ring)
                                (no ring)

@: mighty, lethally poisoned (-1 -> -12), hasted, very quick
A: repulsion field 1
a: Depart the Abyss, Renounce Religion


You were on level 2 of the Dungeon.
You worshipped Lugonu.
Lugonu was aware of your devotion.
You were not hungry.

You visited 1 branch of the dungeon, and saw 2 of its levels.
You visited the Abyss 1 time.

You collected 55 gold pieces.

Inventory:

Hand Weapons
 a - a +1 spear (weapon)
Armour
 b - a +0 leather armour (worn)
 f - a cursed +0 robe
Jewellery
 k - an amulet of the gourmand (around neck)
Scrolls
 d - 3 scrolls of identify {unknown}
 e - a scroll of enchant armour {unknown}
 i - a scroll of teleportation {unknown}
 j - a scroll of recharging {unknown}
Comestibles
 c - a bread ration


   Skills:
 - Level 3.0 Fighting
 + Level 2.9 Polearms
 - Level 2.0 Armour
 - Level 1.0 Dodging
 - Level 3.0 Invocations


You had 2 spell levels left.
You didn't know any spells.

Dungeon Overview and Level Annotations

Branches:
Dungeon (2/15)

Altars:


Innate Abilities, Weirdness & Mutations

You are surrounded by a mild repulsion field. (EV +2)


Message History

The adder is almost dead.
You feel sick. The bat barely misses you. The bat hits you but does no damage.
The bat misses you. The kobold hits you with a club.
* * * LOW HITPOINT WARNING * * *
The adder closely misses you.
A dart slug comes into view.
It was a potion of might.
You feel very mighty all of a sudden. The bat hits you but does no damage.
The goblin hits you but does no damage. The bat hits you but does no damage.
The adder bites you.
* * * LOW HITPOINT WARNING * * *
You are more poisoned.
The adder poisons you! The kobold misses you.
It was a potion of haste.
You feel yourself speed up. The bat closely misses you. The adder bites you.
* * * LOW HITPOINT WARNING * * *
You are more poisoned.
The adder poisons you! The goblin barely misses you.
The kobold hits you with a club.
You die...

.#. .. .w ... .. ...# .
. ###...# g# #..
#......#########.#)...
##............Kbgg.....
..............S@.......
.......##.(####.###....
#....)##.K.....## .
.#.(.$......#
...........(.....# ###
..>...?..........# ..#
..[..............# .. #
.................#
.####.####.
.....#...........###
...##...<..


You could see an adder, a dart slug, a hobgoblin, 2 goblins, a bat and a kobold.

Vanquished Creatures
  An adder (D:2)
  A dart slug (D:1)
  A leopard gecko (D:2)
  A giant cockroach (D:2)
  3 goblins
  5 hobgoblins (D:1)
  3 bats
  2 frilled lizards
  6 kobolds
  2 rats (D:1)
25 creatures vanquished.

Notes
Turn   | Place    | Note
-------+----------+-------------------------------------------
     0 | Abyss:1  | Lahna the Demonspawn Abyssal Knight began the quest for the Orb.
     0 | Abyss:1  | Reached XP level 1. HP: 18/18 MP: 2/2
     1 | Abyss:1  | Found a corrupted altar of Lugonu.
   222 | Abyss:1  | Noticed a large abomination
   223 | D:1      | Escaped the Abyss
   295 | D:1      | Reached skill level 1 in Dodging
   363 | D:1      | Gained mutation: You are surrounded by a mild repulsion field. (EV +2) [demonic ancestry]
   363 | D:1      | Reached XP level 2. HP: 3/24 MP: 2/4
   672 | D:1      | Reached * piety under Lugonu
  1005 | D:2      | Reached XP level 3. HP: 10/29 MP: 5/5
  1301 | D:2      | HP: 1/29 [adder (1)]
  1301 | D:2      | Slain by a kobold

Vault maps used:
D:1:      lightli_arrival_noodles
D:2:      gammafunk_temple_overflow_wave

Skill      XL: |  1  2 |
---------------+-------+-----
Dodging        | 1 |  1.0
Invocations    | 3 |  3.0
Armour         | 2 |  2.0
Polearms       | 2 |  2.9
Fighting       | |  3.0

Action                   || total
-------------------------++-------
Melee: Spear             ||   112
Invok: Depart the Abyss  ||     1
  Use: Potion            ||     2
  Eat: Chunk             ||     4
Armor: Leather armour    ||    18
Dodge: Dodged            ||    86
